 Dungeon Sprint DCSS version 0.32-a0-932-g546787307d (webtiles) character file.

Game seed: 287851036785031812

1093 Conn the Destroyer (level 8, -6/58 HPs)
             Began as an Octopode Fire Elementalist on Apr 14, 2024.
             Was a High Priest of Sif Muna.
             Mangled by an orc warrior
             ... wielding a +0 flail
             ... led by an orc knight
              (27 damage)
             ... in the Dungeon (Sprint VII: "The Pits").
             The game lasted 00:04:20 (818 turns).

Conn the Destroyer (Octopode Fire Elementalist)      Turns: 818, Time: 00:04:21

Health: -6/58      AC:  1    Str:  7    XL:     8   Next: 31%
Magic:  7/20       EV: 14    Int: 20    God:    Sif Muna [*****.]
Gold:   0          SH:  0    Dex: 12    Spells: 14/24 levels left

rFire   . . .        l - +2 quarterstaff (speed)
rCold   . . .        (shield currently unavailable)
rNeg    . . .        (helmet restricted)
rPois   .            (no amulet)
rElec   .            (no ring)
rCorr   .            (no ring)
SInv    .            (no ring)
Will    .....        (no ring)
Stlth   ++++         (no ring)
HPRegen 0.29/turn    (no ring)
MPRegen 0.17/turn    (no ring)
                     (no ring)

%: no teleportation
@: no status effects
A: almost no armour, amphibious, 8 rings, camouflage 1, gelatinous body 1,
(nimble swimmer 1), tentacles
a: Renounce Religion, Channel Magic, Forget Spell, Divine Exegesis


You were in the Dungeon.
You worshipped Sif Muna.
Sif Muna was extremely pleased with you.
You visited 1 branch

Inventory:

Hand Weapons
 b - a +2 falchion
 l - a +2 quarterstaff of speed (weapon)
Scrolls
 f - a scroll of blinking
 h - 2 scrolls of vulnerability
 i - 5 scrolls of amnesia
Potions
 a - 5 potions of magic
 c - 6 potions of heal wounds
 d - a potion of haste
 e - 3 potions of berserk rage
 g - 2 potions of invisibility
 k - 5 potions of curing


   Skills:
 + Level 6.6 Fighting
 + Level 7.0 Dodging
 - Level 6.0 Stealth
 * Level 8.8 Spellcasting
 * Level 9.3 Conjurations
 + Level 7.1 Fire Magic


You had 14 spell levels left.
You knew the following spells:

 Your Spells              Type           Power      Damage    Failure   Level
a - Foxfire               Conj/Fire      100%       2x1d9     1%          1
b - Scorch                Fire           74%        2d8       1%          2
c - Inner Flame           Hex/Fire       23%        N/A       5%          3
d - Flame Wave            Conj/Fire      41%        2d11      2%          4

Your spell library contained the following spells:

 Spells                   Type           Power      Damage    Failure   Level
 Volatile Blastmotes      Fire/Tloc      46%        2d13      5%          3


Dungeon Overview and Level Annotations

Branches:
Dungeon (1/1)

Altars:
Ashenzari
Cheibriados
Dithmenos
Elyvilon
Fedhas
Gozag
Hepliaklqana
Kikubaaqudgha
Makhleb
Nemelex Xobeh
Okawaru
Qazlal
Ru
Sif Muna
Trog
Uskayaw
Vehumet
Wu Jian
Xom
Yredelemnul
Zin
The Shining One
Beogh
Jiyva
Lugonu


Innate Abilities, Weirdness & Mutations

You cannot wear most types of armour.
You are amphibious.
You can wear up to eight rings at the same time.
Your skin changes colour to match your surroundings (Stealth+).
Your rubbery body absorbs attacks. (AC +1, EV +1)
((You are camouflaged when in or above water. (Stealth+)))
You have tentacles for arms and can constrict up to eight enemies at once.


Message History

The fiery explosion engulfs the orc wizard!!
You kill the orc wizard!
Sif Muna accepts your kill.
The orc warrior hits you with a +0 flail!
Unknown command.
Unknown command.
A wave of flame ripples out!
The flame wave engulfs the orc warrior but does no damage.
The orc warrior is heavily wounded.
The flame wave engulfs the orc!
You kill the orc!
Sif Muna accepts your kill.
You finish channelling waves of flame.
An orc knight comes into view. It is wielding a +2 broad axe.
The orc warrior closely misses you.
Unknown command.
Unknown command.
Unknown command.
Casting: Flame Wave (dangerous; 2% risk of failure)
Confirm with . or Enter, or press ? or * to list all spells.
Casting: Flame Wave (dangerous; 2% risk of failure)
Press: ? - help, Dir - look around, f - activate A wave of flame ripples out!
The flame wave engulfs the orc warrior.
The orc warrior is heavily wounded. (Press . to intensify the flame waves.)
The orc knight roars a battlecry!
The orc warrior goes into a battle-frenzy!
The deep troll is engulfed in blazing flames.
The orc warrior barely misses you.
You hear a shout!
Unknown command.
A wave of flame ripples out!
The flame wave engulfs the orc warrior.
The orc warrior is severely wounded.
The flame wave engulfs the deep troll.
The deep troll is moderately wounded.
The deep troll is engulfed in blazing flames.
The deep troll bites you!! The deep troll closely misses you.
The deep troll claws you!
The orc warrior hits you with a +0 flail!!
You die...

#.#....)...##.......#
#.#........##.......#
#'###########.......#
#†..†...#..##########
#..###..#.######
#.......#.#§§..#
##.###.##)#.§..#
#.......#oTo)..+
#..###..#@#
#..÷....'÷#
###########


You could see an orc knight, a deep troll and an orc warrior (strong).

Vanquished Creatures
  A glass eye (D)
  A fire bat (D)
  A water moccasin (D)
  Pargi (D)
  A black bear (D)
  A crocodile (D)
  A wolf (D)
  A scorpion (D)
  A killer bee (D)
  Crazy Yiuf (D)
  An orc wizard (D)
  An ufetubus (D)
  2 adder zombies (D)
  A dart slug (D)
  3 orcs (D)
  A bat (D)
  A bat skeleton (D)
  A bat zombie (D)
  A goblin (D)
  A ball python (D)
23 creatures vanquished.

Vanquished Creatures (collateral kills)
  A warg (D)
  A gnoll (D)
2 creatures vanquished.

Vanquished Creatures (others)
  10 foxfires (D)
10 creatures vanquished.

Grand Total: 35 creatures vanquished

Notes
Turn   | Place    | Note
-------+----------+-------------------------------------------
     0 | D        | Conn the Octopode Fire Elementalist began the quest for the
                  | Orb.
     0 | D        | Reached XP level 1. HP: 11/11 MP: 3/3
    10 | D        | Noticed a scorpion
    18 | D        | Killed a scorpion
    19 | D        | Reached skill level 3 in Conjurations
    19 | D        | Reached XP level 2. HP: 20/20 MP: 0/6
    19 | D        | Reached XP level 3. HP: 25/25 MP: 0/8
    19 | D        | Reached XP level 4. HP: 30/30 MP: 0/9
    97 | D        | Found a bloodstained altar of Trog.
    97 | D        | Found a shimmering blue altar of Sif Muna.
    97 | D        | Found a viscous altar of Jiyva.
    97 | D        | Found a hazy altar of Hepliaklqana.
    97 | D        | Found an opulent altar of Gozag.
    98 | D        | Found a glowing golden altar of the Shining One.
    98 | D        | Found a glowing silver altar of Zin.
    98 | D        | Found a basalt altar of Yredelemnul.
    98 | D        | Found a shimmering altar of Xom.
    98 | D        | Found an ornate altar of the Wu Jian Council.
    98 | D        | Found a sacrificial altar of Ru.
    98 | D        | Found a stormy altar of Qazlal.
    98 | D        | Found an iron altar of Okawaru.
    98 | D        | Found a sparkling altar of Nemelex Xobeh.
    98 | D        | Found a burning altar of Makhleb.
    98 | D        | Found a blossoming altar of Fedhas.
    98 | D        | Found a white marble altar of Elyvilon.
    98 | D        | Found a shadowy altar of Dithmenos.
    98 | D        | Found a snail-covered altar of Cheibriados.
    99 | D        | Found a radiant altar of Vehumet.
    99 | D        | Found a corrupted altar of Lugonu.
    99 | D        | Found a roughly hewn altar of Beogh.
   100 | D        | Found an ancient bone altar of Kikubaaqudgha.
   100 | D        | Found a hide-covered altar of Uskayaw.
   100 | D        | Found a broken altar of Ashenzari.
   101 | D        | Became a worshipper of Sif Muna the Loreminder
   150 | D        | Learned a level 2 spell: Scorch
   154 | D        | Learned a level 3 spell: Inner Flame
   159 | D        | Learned a level 4 spell: Flame Wave
   160 | D        | Reached * piety under Sif Muna
   202 | D        | Noticed a glass eye
   208 | D        | Reached skill level 4 in Conjurations
   209 | D        | Reached ** piety under Sif Muna
   213 | D        | Killed a glass eye
   214 | D        | Reached skill level 6 in Conjurations
   214 | D        | Reached skill level 5 in Fire Magic
   214 | D        | Reached XP level 5. HP: 37/37 MP: 4/13
   214 | D        | Reached XP level 6. HP: 43/43 MP: 4/15
   291 | D        | Noticed Crazy Yiuf
   294 | D        | Killed Crazy Yiuf
   295 | D        | Reached skill level 5 in Dodging
   410 | D        | Noticed a fire bat
   415 | D        | Killed a fire bat
   415 | D        | Reached *** piety under Sif Muna
   416 | D        | Reached skill level 5 in Fighting
   416 | D        | Reached skill level 7 in Conjurations
   508 | D        | Noticed Pargi
   510 | D        | Noticed a black bear
   547 | D        | Killed Pargi
   548 | D        | Reached XP level 7. HP: 50/50 MP: 12/17
   549 | D        | Reached **** piety under Sif Muna
   550 | D        | Reached skill level 8 in Conjurations
   555 | D        | Noticed a warg
   560 | D        | Killed a warg
   678 | D        | Reached ***** piety under Sif Muna
   679 | D        | Reached skill level 9 in Conjurations
   679 | D        | Reached XP level 8. HP: 22/58 MP: 4/20
   812 | D        | Noticed a deep troll
   816 | D        | Noticed an orc knight
   818 | D        | Mangled by an orc warrior

Illustrated notes

Levels and vault maps discovered:
D:        pitsprint [storerooms_1, entrance_room_1, metal_vault_1, armoury_2,
          mini_pit_1, grid_room_1, main_hall_1, silver_pit, the_coven_1,
          the_vestibule_1, steel_vault_4, golden_pit, hallway_of_sentries,
          crystal_vault_2, iron_vault_4, final_vault]

Skill      XL: |  1  2  3  4  5  6  7 |
---------------+----------------------+-----
Fighting       | 2 4 5 6 |  6.6
Dodging        | 3 4 5 7 |  7.0
Stealth        | 4 6 |  6.0
Spellcasting   | 3 6 7 8 |  8.8
Conjurations   | 3 6 7 9 |  9.3
Fire Magic     | 5 6 7 |  7.1

Action                     |  1- 3 |  4- 6 |  7- 9 || total
---------------------------+-------+-------+-------++-------
  Melee: Unarmed           |     4 |       |       ||     4
         Constrict         |     1 |     4 |       ||     5
         Falchion          |       |    11 |       ||    11
         Tentacles         |       |     4 |       ||     4
         Quarterstaff      |       |     4 |     1 ||     5
   Cast: Foxfire           |     3 |     2 |       ||     5
         Scorch            |       |    11 |     8 ||    19
         Inner Flame       |       |     1 |     4 ||     5
         Flame Wave        |       |       |     2 ||     2
    Use: Potion            |     1 |       |       ||     1
         Scroll            |       |     1 |       ||     1
 Armour: Skin              |     4 |    11 |    10 ||    25
  Dodge: Dodged            |     4 |    13 |     8 ||    25

Table legend: (Time is in decaauts)
 A = Elapsed time spent in this place.
 B = Non-inter-level travel time spent in this place.
 C = Inter-level travel time spent in this place.
 D = Time resting spent in this place.
 E = Time spent auto-exploring this place.
 F = Levels seen in this place.
 G = Mean time per level.
                   A        B        C        D        E       F      G
               +--------+--------+--------+--------+--------+-----+--------+
         Total |    819 |    819 |      0 |    519 |      0 |   1 |  819.0 |
       Dungeon |    819 |    819 |      0 |    519 |      0 |   1 |  819.0 |
               +--------+--------+--------+--------+--------+-----+--------+

Top non-repeatable levels by time:
       D: 819 daAuts
